 Dungeon Crawl Stone Soup version 0.26.0-3-g156281e41b (webtiles) character file.

Game seed: 9998939847485500645

3791 ythm the Nimble (level 10, -1/81 HPs)
             Began as a Gnoll Monk on Jan 10, 2021.
             Was an Elder of Okawaru.
             Slain by a basilisk (8 damage)
             ... while petrified by a basilisk
             ... on level 8 of the Dungeon.
             The game lasted 00:13:22 (7956 turns).

ythm the Nimble (Gnoll Monk)                        Turns: 7956, Time: 00:13:22

Health: -1/81      AC:  7    Str: 16    XL:     10   Next: 16%
Magic:  17/17      EV:  2    Int: 13    God:    Okawaru [****..]
Gold:   458        SH:  0    Dex: 18    Spells: 19/19 levels left

rFire    . . .     SeeInvis .   i - +3 hand axe (vorpal)
rCold    . . .     Faith    .   (no shield)
rNeg     + + +     Spirit   .   q - +0 ring mail
rPois    ∞         Reflect  +   l - +0 helmet
rElec    .         Harm     .   (no cloak)
rCorr    .         Rampage  .   (no gloves)
Will     .....                  (no boots)
Stlth    ++++......             m - amulet of reflection
HPRegen  0.23/turn              z - ring of stealth
MPRegen  0.15/turn              o - +4 ring of evasion

@: petrified
A: distributed training, fangs 1, strong nose
a: Renounce Religion, Heroism


You were on level 8 of the Dungeon.
You worshipped Okawaru.
Okawaru was greatly pleased with you.
You visited 2 branches of the dungeon, and saw 9 of its levels.
You also visited: Sewer.

You collected 458 gold pieces.

Inventory:

Hand Weapons
 a - a +0 hand axe
 i - a +3 vorpal hand axe (weapon)
 r - a +0 spear
 w - a +1 antimagic whip
 E - a +0 battleaxe
 G - a +0 shortbow
Missiles
 d - 106 bolts
 p - 2 throwing nets
 A - a boomerang of dispersal (quivered)
 F - 100 arrows
 J - 2 javelins
Armour
 b - a +0 robe
 k - a +0 plate armour
 l - a +0 helmet (worn)
 n - a +0 chain mail
 q - a +0 ring mail (worn)
Jewellery
 m - an amulet of reflection (around neck)
 o - a +4 ring of evasion (right hand)
 u - an uncursed amulet of regeneration
 z - a ring of stealth (left hand)
Wands
 f - a wand of paralysis (10)
 B - a wand of random effects (26)
 I - a wand of iceblast (9)
 K - a wand of acid (13)
 L - a wand of enslavement (8)
Scrolls
 c - 2 scrolls of remove curse
 t - 3 scrolls of immolation
 y - 4 scrolls of teleportation
 C - 2 scrolls of blinking
 D - 6 scrolls of identify
Potions
 e - 2 potions of lignification
 g - a potion of mutation {unknown}
 h - 5 potions of curing
 j - a potion of heal wounds {unknown}
 s - 2 potions of cancellation
 v - 3 potions of degeneration {unknown}
 x - 5 potions of flight
 H - a potion of haste {unknown}


   Skills:
 + Level 8.3 Fighting
 + Level 5.0 Short Blades
 + Level 5.0 Long Blades
 + Level 8.3 Axes
 + Level 5.0 Maces & Flails
 + Level 5.0 Polearms
 + Level 5.0 Staves
 + Level 5.0 Slings
 + Level 5.0 Bows
 + Level 5.0 Crossbows
 + Level 5.0 Throwing
 + Level 5.0 Armour
 + Level 8.3 Dodging
 + Level 6.6 Stealth
 + Level 5.0 Shields
 + Level 5.0 Unarmed Combat
 + Level 5.0 Spellcasting
 + Level 4.1 Conjurations
 + Level 4.1 Hexes
 + Level 4.1 Summonings
 + Level 4.1 Necromancy
 + Level 4.1 Translocations
 + Level 4.1 Transmutations
 + Level 4.1 Fire Magic
 + Level 4.1 Ice Magic
 + Level 4.1 Air Magic
 + Level 4.1 Earth Magic
 + Level 4.1 Poison Magic
 + Level 5.5 Invocations
 + Level 5.0 Evocations


You had 19 spell levels left.
You didn't know any spells.
Your spell library contained the following spells:

 Spells                   Type           Power        Failure   Level
 Magic Dart               Conj           56%          6%          1
 Blink                    Tloc           N/A          10%         2
 Call Imp                 Summ           14%          10%         2
 Slow                     Hex            14%          10%         2
 Conjure Flame            Conj/Fire      14%          19%         3
 Mephitic Cloud           Conj/Pois/Air  14%          19%         3


Dungeon Overview and Level Annotations

Branches:
Dungeon (8/15)             Temple (1/1) D:6            Lair (0/6) D:8
  Sewer (visited)

Altars:
Dithmenos
Elyvilon
Fedhas
Gozag
Hepliaklqana
Nemelex Xobeh
Okawaru
Qazlal
Vehumet
Wu Jian
Xom
Zin
The Shining One

Shops:
D:4 }


Innate Abilities, Weirdness & Mutations

Your experience applies equally to all skills.
You have very sharp teeth.
Your uncanny sense of smell can sniff out nearby items.


Message History

The basilisk gazes at you.
You are slowing down.
You hit the basilisk.
The basilisk is moderately wounded.
The basilisk bites you!
* * * LOW HITPOINT WARNING * * *
Your limbs are stiffening.
Unknown command.
Unknown command.
You barely miss the basilisk.
The basilisk is moderately wounded.
The basilisk bites you!
* * * LOW HITPOINT WARNING * * *
The basilisk misses you.
You have turned to stone.
The basilisk bites you.
* * * LOW HITPOINT WARNING * * *
The basilisk gazes at you. You resist with some effort. The basilisk bites you!
You die...

###... ....⌠. ###... ∆ .#
#.# ..# .. #.# ### ..#...
#.# #.##### ..#... #.#
#.#...##...... ##.##
##.'...#.......
###...#####.)#..@+..P....
)..#...#.....####l...P...
...#...#............P.♣P.
####...#.............♣...
..##...#............P..P♣
..##..[#..........♣....>P
.......#.....###....PP...
.......#.....# .P........
..##..##.....# ..........


You could see a basilisk.

Vanquished Creatures
  3 wyverns (D:8)
  A basilisk (D:8)
  3 yaks (D:8)
  Edmund (D:6)
  2 water moccasins (D:8)
  A sky beast (D:5)
  An ice beast (D:7)
  4 ogres
  3 centaurs
  3 bullfrogs
  A gnoll sergeant (D:5)
  A scorpion (D:7)
  10 wights
  A howler monkey (D:4)
  A bullfrog zombie (D:5)
  2 hounds (D:4)
  A quasit (D:8)
  A centaur skeleton (D:4)
  6 orc wizards
  An iguana (D:4)
  6 worker ants
  A merfolk siren (Sewer)
  A merfolk avatar (Sewer)
  A hound skeleton (D:8)
  8 gnolls
  3 river rats (Sewer)
  10 adders
  A white imp (D:6)
  2 ufetubi
  An adder zombie (D:5)
  A worm (D:2)
  3 dart slugs
  11 leopard geckos
  25 orcs
  16 giant cockroaches
  5 goblins
  7 hobgoblins
  3 jackals (D:7)
  3 quokkas
  2 ball pythons (Sewer)
  9 bats
  13 frilled lizards
  4 kobolds
  2 leopard gecko skeletons
  29 rats
214 creatures vanquished.

Vanquished Creatures (others)
  A goblin (D:3)
  A bush (D:8)
  2 fungi (D:8)
  6 plants (D:8)
10 creatures vanquished.

Grand Total: 224 creatures vanquished

Notes
Turn   | Place    | Note
-------+----------+-------------------------------------------
     0 | D:1      | ythm the Gnoll Monk began the quest for the Orb.
     0 | D:1      | Reached XP level 1. HP: 23/23 MP: 1/1
   204 | D:1      | Reached XP level 2. HP: 25/29 MP: 2/2
   667 | D:2      | Found a faded altar of an unknown god.
   671 | D:2      | Reached XP level 3. HP: 33/35 MP: 3/3
   750 | D:2      | Reached skill level 1 in Invocations
   763 | D:2      | Reached skill level 1 in Short Blades
   763 | D:2      | Reached skill level 1 in Long Blades
   763 | D:2      | Reached skill level 1 in Maces & Flails
   763 | D:2      | Reached skill level 1 in Polearms
   763 | D:2      | Reached skill level 1 in Staves
   763 | D:2      | Reached skill level 1 in Slings
   763 | D:2      | Reached skill level 1 in Bows
   763 | D:2      | Reached skill level 1 in Crossbows
   763 | D:2      | Reached skill level 1 in Throwing
   763 | D:2      | Reached skill level 1 in Armour
   763 | D:2      | Reached skill level 1 in Shields
   763 | D:2      | Reached skill level 1 in Unarmed Combat
   763 | D:2      | Reached skill level 1 in Spellcasting
   763 | D:2      | Reached skill level 1 in Evocations
  1150 | D:2      | Reached XP level 4. HP: 41/41 MP: 5/5
  1331 | D:2      | Found a shimmering altar of Xom.
  1815 | D:3      | Reached skill level 1 in Conjurations
  1815 | D:3      | Reached skill level 1 in Hexes
  1815 | D:3      | Reached skill level 1 in Summonings
  1815 | D:3      | Reached skill level 1 in Necromancy
  1815 | D:3      | Reached skill level 1 in Translocations
  1815 | D:3      | Reached skill level 1 in Transmutations
  1815 | D:3      | Reached skill level 1 in Fire Magic
  1815 | D:3      | Reached skill level 1 in Ice Magic
  1815 | D:3      | Reached skill level 1 in Air Magic
  1815 | D:3      | Reached skill level 1 in Earth Magic
  1815 | D:3      | Reached skill level 1 in Poison Magic
  1903 | D:3      | Reached XP level 5. HP: 47/47 MP: 5/7
  2015 | D:3      | Found a stormy altar of Qazlal.
  2873 | D:4      | Reached XP level 6. HP: 52/53 MP: 8/8
  3188 | D:4      | Reached XP level 7. HP: 50/59 MP: 10/10
  3558 | D:4      | Found Ciduquk's Gadget Shop.
  3857 | D:5      | Entered Level 5 of the Dungeon
  3871 | D:5      | Found a white marble altar of Elyvilon.
  4089 | D:5      | Reached skill level 5 in Stealth
  4245 | D:5      | Found a glowing drain.
  4264 | Sewer    | Entered a sewer
  4364 | Sewer    | Reached XP level 8. HP: 55/67 MP: 12/12
  4615 | D:5      | Found an ornate altar of the Wu Jian Council.
  5332 | D:6      | Found a staircase to the Ecumenical Temple.
  5345 | Temple   | Entered the Ecumenical Temple
  5468 | Temple   | Became a worshipper of Warmaster Okawaru
  5468 | Temple   | Reached * piety under Okawaru
  5468 | Temple   | Reached ** piety under Okawaru
  5604 | D:6      | Noticed Edmund
  5614 | D:6      | Killed Edmund
  6185 | D:6      | Reached XP level 9. HP: 65/72 MP: 14/14
  6419 | D:7      | Reached *** piety under Okawaru
  7843 | D:8      | Found a staircase to the Lair.
  7871 | D:8      | Reached skill level 5 in Invocations
  7889 | D:8      | Reached **** piety under Okawaru
  7907 | D:8      | Reached XP level 10. HP: 57/80 MP: 14/17
  7937 | D:8      | Reached skill level 5 in Short Blades
  7937 | D:8      | Reached skill level 5 in Long Blades
  7937 | D:8      | Reached skill level 5 in Maces & Flails
  7937 | D:8      | Reached skill level 5 in Polearms
  7937 | D:8      | Reached skill level 5 in Staves
  7937 | D:8      | Reached skill level 5 in Slings
  7937 | D:8      | Reached skill level 5 in Bows
  7937 | D:8      | Reached skill level 5 in Crossbows
  7937 | D:8      | Reached skill level 5 in Throwing
  7937 | D:8      | Reached skill level 5 in Armour
  7937 | D:8      | Reached skill level 5 in Shields
  7937 | D:8      | Reached skill level 5 in Unarmed Combat
  7937 | D:8      | Reached skill level 5 in Spellcasting
  7937 | D:8      | Reached skill level 5 in Evocations
  7956 | D:8      | Slain by a basilisk

Illustrated notes

Levels and vault maps discovered:
D:1:      dpeg_arrival_tiny_k, layout_basic
D:2:      layout_loops_cross, overflow_temple_1_default,
          chequers_ecumenical_altar_simple, grunt_ministairs_5
D:3:      layout_basic, grunt_qazlal_clouds, serial_bayou_pond_d
D:4:      layout_gridville, serial_shops, shop
D:5:      layout_loops_corners, nzn_wu_jian_contemplation, elyvilon_altar_3,
          gup_sewer_entry_pipe
D:6:      layout_basic, minmay_temple_entry_overgrown, minmay_misc_feat_roman,
          minivault_1, uniq_edmund
D:7:      layout_basic
D:8:      layout_gridville, grunt_temple_overflow_cloverleaf,
          minmay_lair_entry_grove, uniq_maggie
Temple:   nicolae_temple_figure_eight

Skill      XL: |  1  2  3  4  5  6  7  8  9 10 |
---------------+-------------------------------+-----
Invocations    | 1 2 3 4 5 |  5.5
Short Blades   | 1 2 3 4 5 |  5.0
Long Blades    | 1 2 3 4 5 |  5.0
Maces & Flails | 1 2 3 4 5 |  5.0
Polearms       | 1 2 3 4 5 |  5.0
Staves         | 1 2 3 4 5 |  5.0
Slings         | 1 2 3 4 5 |  5.0
Bows           | 1 2 3 4 5 |  5.0
Crossbows      | 1 2 3 4 5 |  5.0
Throwing       | 1 2 3 4 5 |  5.0
Armour         | 1 2 3 4 5 |  5.0
Shields        | 1 2 3 4 5 |  5.0
Unarmed Combat | 1 2 3 4 5 |  5.0
Spellcasting   | 1 2 3 4 5 |  5.0
Evocations     | 1 2 3 4 5 |  5.0
Conjurations   | 1 2 3 4 |  4.1
Hexes          | 1 2 3 4 |  4.1
Summonings     | 1 2 3 4 |  4.1
Necromancy     | 1 2 3 4 |  4.1
Translocations | 1 2 3 4 |  4.1
Transmutations | 1 2 3 4 |  4.1
Fire Magic     | 1 2 3 4 |  4.1
Ice Magic      | 1 2 3 4 |  4.1
Air Magic      | 1 2 3 4 |  4.1
Earth Magic    | 1 2 3 4 |  4.1
Poison Magic   | 1 2 3 4 |  4.1
Fighting       | 7 8 |  8.3
Axes           | 7 8 |  8.3
Dodging        | 7 8 |  8.3
Stealth        | 5 6 |  6.6

Action                   |  1- 3 |  4- 6 |  7- 9 | 10-12 || total
-------------------------+-------+-------+-------+-------++-------
Melee: Hand axe          |    72 |   139 |   423 |    38 ||   672
       Bite              |     5 |    19 |    32 |     3 ||    59
       Punch             |       |     1 |    10 |     2 ||    13
Invok: Heroism           |       |       |     3 |       ||     3
  Use: Scroll            |       |       |     9 |       ||     9
       Potion            |       |       |     1 |       ||     1
 Stab: Sleeping          |    12 |     8 |    21 |       ||    41
       Distracted        |     1 |       |     3 |       ||     4
Armor: Robe              |     9 |     5 |       |       ||    14
       Ring mail         |       |    13 |    42 |     1 ||    56
       Skin              |       |       |    25 |     6 ||    31
Dodge: Dodged            |    44 |    63 |   222 |     8 ||   337
Block: Other             |       |    33 |    69 |     4 ||   106
       Reflection        |       |     1 |     1 |       ||     2
